Cogmind - Beta 11 X8 @@@ ROGUE MODE // 2021.11.27 @ 02:01:57 Player: youngster Result: Destroyed by H-77 Assassin with Coil Gun Performance ------------- Evolutions (6) 3000 Regions Visited (23) 4600 Robots Destroyed (288) 1440 Value Destroyed (10118) 10118 Prototype IDs (44) 880 Alien Tech Used (0) 0 Bonus (561) 561 TOTAL SCORE: 20599 Bonus ------- High Alert Combat Kills 343 Follower Combat Kills 146 Network Hubs Disabled 200 Met Imprinter 300 Friendly Fire -428 Cogmind --------- Core Integrity 0/1150 Matter 201/300 Energy 98/100 System Corruption 6% Temperature Cool (0) Movement Core (50) Location -4/Upper Caves Parts ------- > --- POWER (1) -------- (None) > --- PROPULSION (6) --- (None) > --- UTILITY (9) ------ Advanced Signal Interpreter > --- WEAPON (3) ------- (None) > --- INVENTORY (5) ---- Light Antimatter Reactor Advanced Terrain Scanner Cooled Phase Cannon Hardcell Cannon Hardcell Cannon Peak State ------------ > --- POWER ------------ Micro Fission Core > --- PROPULSION ------- Improved Medium Treads Heavy Treads Centrium Heavy Treads > --- UTILITY ---------- Huge Storage Unit Improved Signal Interpreter Makeshift Terrain Scan Processor Advanced Targeting Computer Matter Filter Improved Light Armor Plating Improved Light Armor Plating Force Field > --- WEAPON ----------- Gauss Rifle KE Penetrator Power Maul > --- INVENTORY -------- Angular Momentum Engine Micro Fission Core Light Treads Wheel Advanced Heat Sink High-capacity Matter Pod Structural Scanner Improved Sensor Array Improved Terrain Scanner Armor Integrity Analyzer Improved Transmission Jammer Improved Heavy Armor Plating Improved Shield Generator Improved Hacking Suite Improved Hacking Suite Improved System Backup Module High-powered Tractor Beam Gauss Rifle Flak Gun Improved KE Penetrator Long-range Missile Launcher Advanced Datajack [Rating: 90] Favorites ----------- Power Deuterium Engine Engine Deuterium Engine Power Core Micro Fission Core Reactor Light Antimatter Reactor Propulsion Advanced Treads Treads Advanced Treads Leg Titanium Leg Wheel Armored Wheel Hover Unit Gravmag Array Utility Huge Storage Unit Device Disposable Heat Sink Storage Huge Storage Unit Processor Improved Signal Interpreter Hackware Improved Hacking Suite Protection Medium Reflective Plating Weapon Gauss Rifle Energy Gun Beam Rifle Energy Cannon Advanced Beam Cannon Ballistic Gun Gauss Rifle Ballistic Cannon Assault Cannon Launcher Long-range Missile Launcher Impact Weapon Power Maul Slashing Weapon Axe Special Melee Weapon Datajack Build | -11 -10 -10 -9 -9 -9 -8 -8 -7 -7 -7 -7 -6 -6 -6 -6 -6 -6 -5 -5 -5 -4 -4 -4 ------- Run | Scr Mat Min Mat Min Exi Min Mat Fac Low Low Zio Pro Fac Ext Cet Arc Hub Fac Was Fac Fac Upp Upp Slots Evolved 12 | . . . 2 . . . 2 2 . . . . 2 . . . . 2 . . 2 . . Power . | . . . . . . . . . . . . . . . . . . . . . . . . Propulsion 4 | . . . 1 . . . 1 . . . . . 1 . . . . . . . 1 . . Utility 7 | . . . 1 . . . 1 1 . . . . 1 . . . . 2 . . 1 . . Weapon 1 | . . . . . . . . 1 . . . . . . . . . . . . . . . Parts Attached 434 | 6 16 11 51 6 1 14 24 3 23 13 6 24 30 23 23 5 28 89 3 6 26 2 1 Power 19 | 1 1 1 1 1 . 3 2 . . . . 1 . . 1 1 . 3 . . 3 . . Engine 10 | 1 1 1 1 1 . . 2 . . . . 1 . . . . . 2 . . . . . Core 7 | . . . . . . 3 . . . . . . . . 1 1 . 1 . . 1 . . Reactor 2 | . . . . . . . . . . . . . . . . . . . . . 2 . . Propulsion 108 | 2 5 8 29 2 . 5 11 . 5 1 1 1 5 1 5 2 4 15 . . 5 . 1 Treads 69 | 2 2 2 15 1 . 3 8 . 2 1 1 1 5 1 5 2 2 14 . . 2 . . Leg 6 | . . 1 3 . . . . . . . . . . . . . 1 1 . . . . . Wheel 30 | . 3 5 11 1 . 2 3 . 3 . . . . . . . 1 . . . 1 . . Hover 3 | . . . . . . . . . . . . . . . . . . . . . 2 . 1 Flight . | . . . . . . . . . . . . . . . . . . . . . . . . Utility 167 | 1 3 1 9 1 . . 5 2 12 7 4 12 9 12 9 1 15 55 1 4 3 1 . Device 124 | . 1 1 4 1 . . 4 1 11 5 3 9 7 11 6 . 10 45 1 1 2 1 . Storage 6 | 1 2 . . . . . 1 . . . . . . . . . . 1 . . 1 . . Processor 7 | . . . . . . . . 1 . . . . 1 . . . 2 2 . 1 . . . Hackware 4 | . . . . . . . . . . . . . . . . . . 2 . 2 . . . Protection 26 | . . . 5 . . . . . 1 2 1 3 1 1 3 1 3 5 . . . . . Artifact . | . . . . . . . . . . . . . . . . . . . . . . . . Weapon 140 | 2 7 1 12 2 1 6 6 1 6 5 1 10 16 10 8 1 9 16 2 2 15 1 . Energy Gun 21 | . 4 1 8 1 . 3 3 . . . . . . . . . . . . . 1 . . Energy Cannon 7 | . . . 2 . . 1 . . . . . . . . . . . . . 2 2 . . Ballistic Gun 37 | 2 . . . . . . 2 1 3 1 . 1 8 2 4 . 4 8 1 . . . . Ballistic Cannon 26 | . 1 . . . . . . . . . 1 2 3 3 2 1 1 1 . . 10 1 . Launcher 28 | . 2 . 2 1 . 2 . . 3 2 . 3 1 3 2 . 2 2 1 . 2 . . Special Weapon . | . . . . . . . . . . . . . . . . . . . . . . . . Impact Weapon 6 | . . . . . . . . . . . . . . . . . 2 4 . . . . . Slashing Weapon 14 | . . . . . . . 1 . . 2 . 4 4 2 . . . 1 . . . . . Piercing Weapon . | . . . . . . . . . . . . . . . . . . . . . . . . Special Melee Weapon 1 | . . . . . 1 . . . . . . . . . . . . . . . . . . Unidentified Prototypes 7 | . . . 1 . . . . . . . 1 . 2 . 2 . . . . . 1 . . Corrupted Parts 1 | . . . . . . . . . . . . . . . . . . 1 . . . . . System Corruption 12 | . . . . . . . . . . . . . . . . . . 12 . . . . . Parts Lost 89 | . . 5 1 2 . 3 1 . 1 . . . 2 . 10 4 11 21 7 3 15 . 3 Power 8 | . . 1 . 1 . . . . . . . . . . 1 . . 2 1 . 2 . . Propulsion 33 | . . 2 . . . 3 . . . . . . 2 . 6 2 3 6 1 1 5 . 2 Utility 31 | . . 1 1 1 . . 1 . 1 . . . . . 2 1 5 8 2 2 5 . 1 Weapon 17 | . . 1 . . . . . . . . . . . . 1 1 3 5 3 . 3 . . Highest Loss Streak 9 | . . 3 1 2 . 2 1 . 1 . . . 1 . 9 4 4 5 6 3 7 . 3 Average Slot Usage (%) 93 | . 96 98 99 99 100 99 99 100 100 100 100 100 99 100 92 90 89 83 66 44 52 20 18 Engine 6 | . 14 13 11 10 11 2 7 7 7 7 7 7 6 6 1 . . 1 3 . . . . Core 1 | . . . . . . 8 1 . . . . . . . 4 6 6 3 . . . . . Treads 19 | . 21 6 10 22 22 21 22 23 23 23 23 23 25 26 24 23 17 19 13 9 5 . . Leg 1 | . . 1 11 . . . . . . . . . . . . . 2 . . . . . . Wheel 6 | . 6 19 10 10 11 11 12 7 6 7 7 7 6 6 1 . 2 . . . 1 . . Device 17 | . 10 14 11 21 22 22 27 23 23 22 21 22 19 12 12 13 14 16 5 4 4 4 . Storage 7 | . 14 14 11 11 11 11 9 7 7 7 7 7 6 6 6 6 6 5 3 . . . . Processor 6 | . . . . . . . . 7 7 7 7 7 13 13 13 13 10 14 11 11 13 10 9 Protection 2 | . . . 9 . . . . . . . 1 . . 6 6 5 6 3 3 . . . . Energy Gun 5 | . 21 27 19 10 11 10 16 . . . . . . . . . . . . . . . . Energy Cannon 1 | . . . 2 11 . 11 1 . . . . . . . . . . . . . . . . Ballistic Gun 9 | . 3 . . . . . . 23 22 19 15 15 12 12 15 6 15 8 3 . . . . Ballistic Cannon 1 | . 2 . . . . . . . . . . 1 4 4 1 12 1 1 . . 8 . . Slashing Weapon 1 | . . . . . . . . . . 2 6 4 2 1 . . . . . . . . . Naked Turns . | . . . . . . . . . . . . . . . . . . . . . . . . Heaviest Build 136 | 10 51 53 61 55 55 56 104 107 108 112 113 118 116 122 118 119 114 136 106 11 62 11 . Greatest Support 180 | 40 40 20 60 12 12 60 34 12 88 12 12 12 94 100 153 153 146 180 177 3 103 3 3 Greatest Overweight (x) 38 | . 3 5 6 4 4 4 8 8 8 9 9 9 9 10 9 1 1 38 . 3 3 3 . Average Overweight (x) 3 | . 1 2 4 4 4 2 4 8 4 8 8 8 8 5 1 . . . . . . . . Largest Inventory Capacity 25 | 8 20 20 20 20 20 20 25 25 25 25 25 25 25 25 25 25 25 25 25 5 20 5 5 Average Capacity 21 | 6 16 20 20 20 20 20 22 25 25 25 25 25 25 25 25 25 25 25 19 5 6 5 5 Most Carried 25 | 4 20 20 20 20 20 20 25 23 25 25 25 25 25 25 25 25 25 25 21 5 5 5 5 Average Carried 21 | 2 14 19 19 19 20 19 22 22 24 24 24 24 24 24 23 24 24 21 15 4 4 3 5 Final Capacity 25 | 8 20 20 20 20 20 20 25 25 25 25 25 25 25 25 25 25 25 25 5 5 5 5 5 Final Carried 25 | 4 20 20 20 20 20 19 24 23 25 25 25 25 25 25 25 25 25 19 4 5 4 5 5 Class Distribution -------------------- 30% | Mutant 17% | Skirmisher 10% | Assassin 8% | Scavenger-Mutant 7% | Derelict-Assassin 5% | Scavenger-Tank 4% | Derelict-Tank 3% | Hacker-Mutant Dominant Class ---------------- Mutant | -10/Materials Mutant | -10/Mines Mutant | -9/Materials Mutant | -9/Mines Mutant | -9/Exiles Mutant | -8/Mines Scavenger-Mutant | -8/Materials Skirmisher | -7/Factory Skirmisher | -7/Lower Caves Skirmisher | -7/Lower Caves Assassin | -7/Zion Derelict-Assassin | -6/Proximity Caves Skirmisher | -6/Factory Derelict-Tank | -6/Extension Scavenger-Mutant | -6/Cetus Scavenger-Tank | -6/Archives Scavenger-Tank | -6/Hub_04(d) Scavenger-Mutant | -5/Factory Scavenger-Mutant | -5/Waste Hacker-Mutant | -5/Factory Hacker-Mutant | -4/Factory Mutant | -4/Upper Caves Mutant | -4/Upper Caves Resources | -11 -10 -10 -9 -9 -9 -8 -8 -7 -7 -7 -7 -6 -6 -6 -6 -6 -6 -5 -5 -5 -4 -4 -4 ----------- Run | Scr Mat Min Mat Min Exi Min Mat Fac Low Low Zio Pro Fac Ext Cet Arc Hub Fac Was Fac Fac Upp Upp Matter Collected 9298 | 270 491 105 545 70 . 184 180 . 692 89 135 437 688 568 611 322 696 1713 726 . 606 147 23 Remotely 2037 | . . . . . . . . . 162 . . . 315 . 380 . 225 798 157 . . . . Salvage Created 11587 | 91 609 494 1523 379 . 430 721 . 342 73 . 383 740 474 489 309 1191 1330 1213 . 796 . . Parts 563 | 8 45 30 104 12 . 18 35 . 13 11 . 16 37 25 21 17 53 90 5 . 23 . . Haulers Intercepted 11 | . 2 . 5 . . . 2 . . . . . . . . . . 2 . . . . . Recyclers Shooed 17 | . 2 . . . . 1 4 . . . . . 2 2 . . 1 4 . . 1 . . Parts Field Recycled . | . . . . . . . . . . . . . . . . . . . . . . . . Retrieved Matter . | . . . . . . . . . . . . . . . . . . . . . . . . Parts Self-Destructed 38 | . . . . . . . . . 10 10 4 11 . . . . . . . . . . 3 Prevented . | . . . . . . . . . . . . . . . . . . . . . . . . Kills | -11 -10 -10 -9 -9 -9 -8 -8 -7 -7 -7 -7 -6 -6 -6 -6 -6 -6 -5 -5 -5 -4 -4 -4 ------- Run | Scr Mat Min Mat Min Exi Min Mat Fac Low Low Zio Pro Fac Ext Cet Arc Hub Fac Was Fac Fac Upp Upp Combat Hostiles Destroyed 212 | . 14 10 32 3 . 12 9 . 16 6 . 12 7 8 12 4 20 25 5 . 17 . . Guns 96 | . 10 9 21 1 . 4 8 . 5 . . 2 5 3 5 . 11 11 1 . . . . Cannons 35 | . 3 . 4 1 . 3 . . . . . 1 2 . . 4 2 7 . . 8 . . AOE 76 | . 1 . 7 . . 5 . . 11 6 . 9 . 5 7 . 7 6 4 . 8 . . Classes Destroyed 21 | 2 6 2 1 1 . 1 . . 2 . . 1 1 . . . 1 2 1 . . . . Worker 9 | . . 1 1 . . . . . . . . . 2 . . . . 3 . . 2 . . Builder 9 | . . 1 . . . . . . . . . . 1 . . . 1 6 . . . . . Tunneler 8 | 2 . 3 . 2 . . . . . . . . . . . . . 1 . . . . . Hauler 11 | . 2 . 5 . . . 2 . . . . . . . . . . 2 . . . . . Recycler 22 | 1 1 2 3 2 . 1 2 . . . . . 3 2 . . 3 . . . 2 . . Mechanic 2 | . 1 . 1 . . . . . . . . . . . . . . . . . . . . Operator 7 | . 1 . 3 . . . . . . . . . . . . 2 1 . . . . . . Watcher 14 | . 2 . 3 . . . 1 . . . . . 3 3 1 . . 1 . . . . . Swarmer 69 | . 6 6 14 . . 6 . . 5 6 . 7 3 6 4 . 2 4 . . . . . Grunt 61 | . 8 4 10 2 . 5 4 . 2 . . 4 1 2 4 . 6 2 . . 7 . . Brawler 2 | . . . . . . . . . . . . . . . . . . 1 . . 1 . . Duelist 2 | . . . . 1 . . . . . . . . . . . . . 1 . . . . . Sentry 25 | . . . 8 . . . 3 . 1 . . . . . . 4 6 1 . . 2 . . Specialist 4 | . . . . . . . . . . . . . . . . . . 4 . . . . . Hunter 20 | . . . . . . 2 2 . . . . . . . . . 4 8 . . 4 . . Programmer 8 | . . . . . . . . . . . . . 3 . . . 1 1 . . 3 . . Heavy 4 | . . . . . . . . . . . . . . . . . 1 3 . . . . . Behemoth 1 | . . . . . . . . . . . . 1 . . . . . . . . . . . Compactor 5 | . . . . . . . . . . . . . . . . . . . 5 . . . . Cetus Guard 4 | . . . . . . . . . . . . . . . 4 . . . . . . . . Packrat 1 | . . . . . . . . . 1 . . . . . . . . . . . . . . Samaritan 1 | . . . . . . . . . 1 . . . . . . . . . . . . . . Assembled 8 | . . . . . . . . . 8 . . . . . . . . . . . . . . Thug 1 | . . . . . . . . . . . . . . . 1 . . . . . . . . Best Kill Streak 11 | 3 3 4 7 2 . 4 4 . 8 3 . 4 7 4 9 2 6 8 5 . 11 . . Combat Bots Only 8 | . 3 3 5 2 . 3 2 . 8 3 . 4 4 3 8 2 6 4 5 . 8 . . Max Kills in Single Turn 4 | 1 1 2 3 1 . 3 1 . 4 3 . 3 2 2 4 1 2 4 1 . 4 . . Gunslinging 1 | . . 1 1 . . . . . . . . . . . . . . . . . . . . Exploded 4 | . 1 . 3 . . 2 . . 4 3 . 3 . 2 4 . 2 3 1 . 3 . . Melee . | . . . . . . . . . . . . . . . . . . . . . . . . Uniques/NPCs Destroyed . | . . . . . . . . . . . . . . . . . . . . . . . . Combat | -11 -10 -10 -9 -9 -9 -8 -8 -7 -7 -7 -7 -6 -6 -6 -6 -6 -6 -5 -5 -5 -4 -4 -4 -------- Run | Scr Mat Min Mat Min Exi Min Mat Fac Low Low Zio Pro Fac Ext Cet Arc Hub Fac Was Fac Fac Upp Upp Damage Taken 18235 | . 355 485 882 215 . 595 486 40 421 43 . 785 373 239 1686 309 2339 4021 607 700 3072 190 392 Core 2562 | . 34 93 57 27 . 116 65 . 42 . . 63 31 12 168 48 156 303 7 170 848 79 243 Absorbed by Shields 1404 | . . . . . . . . 16 110 11 . 209 . 81 162 . 209 401 . . 205 . . Reduced by Siege Mode 39 | . . . . . . . . . . . . . . . . . . 6 . . 33 . . Core Remaining (%) 67 | 100 . 49 . . . 50 88 . . . . 85 . . . . 51 . . 52 . . . Volleys Fired 682 | 5 53 46 86 18 . 34 40 . 18 4 . 24 38 22 31 18 53 94 26 5 64 3 . Largest 3 | 2 2 2 2 2 . 2 2 . 3 1 . 3 3 3 3 3 3 3 1 1 3 1 . Hottest 225 | 40 112 112 131 124 . 137 137 . 79 33 . 100 102 102 102 131 131 110 43 98 225 65 . Shots Fired 1358 | 10 103 91 166 33 . 64 77 . 44 4 . 48 108 54 82 54 131 154 25 5 103 2 . Gun 930 | 10 80 91 135 17 . 30 72 . 38 . . 28 81 36 74 20 104 100 2 . 12 . . Cannon 348 | . 20 . 27 15 . 30 5 . . . . 8 27 14 5 34 20 51 . 5 85 2 . Launcher 80 | . 3 . 4 1 . 4 . . 6 4 . 12 . 4 3 . 7 3 23 . 6 . . Special . | . . . . . . . . . . . . . . . . . . . . . . . . Kinetic 783 | 10 44 . . . . . . . 38 . . 36 108 50 79 54 124 151 2 . 85 2 . Thermal 495 | . 56 91 162 32 . 60 77 . . . . . . . . . . . . 5 12 . . Explosive 80 | . 3 . 4 1 . 4 . . 6 4 . 12 . 4 3 . 7 3 23 . 6 . . Electromagnetic . | . . . . . . . . . . . . . . . . . . . . . . . . Robot Hit Streak 37 | 9 11 10 20 9 . 27 11 . 9 . . 6 13 6 19 8 16 37 13 . 17 . . Robot Miss Streak 5 | 1 3 3 4 2 . 2 3 . 5 1 . 4 5 2 3 3 3 4 1 . 5 . . Penetration Max 1 | . . . . . . . . . . . . . . . 1 . 1 1 . . . . . Secondary Targets 12 | . 1 2 3 . . . . . 2 . . . 1 . 2 . 1 . . . . . . Max Gunslinging Chain 1 | . 1 1 1 . . . . . 1 . . . 1 . 1 . 1 . . . . . . Shots Hit Robots 936 | 9 63 58 119 22 4 43 52 . 25 . . 35 60 33 64 36 91 136 24 . 62 . . Core Hits 579 | 5 31 21 88 6 . 21 23 . 36 7 . 26 26 24 32 17 55 103 12 . 46 . . Critical Kills 6 | . . . . 1 . . . . . . . . . . . 4 1 . . . . . . Critical Parts Destroyed 9 | . . . . . . . . . . . . . . . 1 3 2 3 . . . . . Critical Strikes 43 | . 5 5 6 3 . 1 3 . . . . . 1 . 1 8 3 6 . . 1 . . Burn 21 | . 4 5 6 2 . 1 3 . . . . . . . . . . . . . . . . Meltdown 1 | . . . . 1 . . . . . . . . . . . . . . . . . . . Destroy 15 | . . . . . . . . . . . . . . . 1 8 3 3 . . . . . Blast 6 | . 1 . . . . . . . . . . . 1 . . . . 3 . . 1 . . Melee Attacks 72 | . . . . . 4 . 2 . . 1 3 6 9 11 . . 14 18 4 . . . . Thermal 1 | . . . . . . . . . . . . . . . . . . 1 . . . . . Impact 35 | . . . . . . . . . . . . . . . . . 14 17 4 . . . . Slashing 32 | . . . . . . . 2 . . 1 3 6 9 11 . . . . . . . . . Piercing . | . . . . . . . . . . . . . . . . . . . . . . . . Sneak Attacks 8 | . . . . . 4 . . . . . . . 1 1 . . 1 1 . . . . . Combat Hostiles . | . . . . . . . . . . . . . . . . . . . . . . . . Follow-up Attacks . | . . . . . . . . . . . . . . . . . . . . . . . . Damage Inflicted 33649 | 79 1065 843 2416 496 . 1172 987 . 1164 358 . 2066 1398 1386 2433 852 3103 5994 3595 . 4242 . . Guns 12953 | 79 634 843 1599 202 . 401 912 . 424 . . 460 943 582 1511 385 1476 2167 37 . 298 . . Cannons 6772 | . 258 . 402 204 . 432 62 . . . . 141 344 115 74 467 281 2340 . . 1652 . . Explosions 12701 | . 167 . 411 90 . 339 . . 726 358 . 1047 . 547 848 . 1227 1218 3470 . 2253 . . Melee 1132 | . . . . . . . . . . . . 418 111 142 . . 111 262 88 . . . . Ramming 91 | . 6 . 4 . . . 13 . 14 . . . . . . . 8 7 . . 39 . . Kinetic 13862 | 79 384 . . . . . . . 424 . . 601 1287 697 1585 852 1757 4507 37 . 1652 . . Thermal 6373 | . 508 843 2001 406 . 833 974 . . . . . . 57 . . . . . . 751 . . Explosive 12191 | . 167 . 411 90 . 339 . . 726 358 . 1047 . 490 848 . 1227 1218 3470 . 1800 . . Electromagnetic . | . . . . . . . . . . . . . . . . . . . . . . . . Impact 461 | . . . . . . . . . . . . . . . . . 111 262 88 . . . . Slashing 671 | . . . . . . . . . . . . 418 111 142 . . . . . . . . . Piercing . | . . . . . . . . . . . . . . . . . . . . . . . . Highest Corruption 23 | . . . . . . . . . . . . . 3 3 . . 1 12 23 23 5 5 6 Average Corruption 6 | . . . . . . . . . . . . . 2 1 . . 1 9 18 23 1 5 5 Corruption Purged 9 | . . . . . . . . . . . . . . 3 . . . 6 . . . . . Effects 61 | . . . . . . . . . . . . . 11 . . . . 21 6 10 5 7 1 Message Errors 14 | . . . . . . . . . . . . . 4 . . . . 3 1 3 2 1 . Matter Fused 17 | . . . . . . . . . . . . . 3 . . . . 7 2 2 1 1 1 Heat Flow Errors 8 | . . . . . . . . . . . . . 1 . . . . 4 . . 1 2 . Energy Discharges 7 | . . . . . . . . . . . . . 1 . . . . 1 1 3 . 1 . Data Loss (minor) 4 | . . . . . . . . . . . . . 1 . . . . . . 1 1 1 . Data Loss (major) 1 | . . . . . . . . . . . . . . . . . . 1 . . . . . Misfires 2 | . . . . . . . . . . . . . . . . . . 2 . . . . . Alerts 1 | . . . . . . . . . . . . . . . . . . 1 . . . . . Misdirections 2 | . . . . . . . . . . . . . . . . . . . 1 1 . . . Weapon Failures 5 | . . . . . . . . . . . . . 1 . . . . 2 1 . . 1 . Overload Shots 2 | . . . . . . . . . . . . . . . . . . . . . 2 . . Overflow Damage 1246 | . . . . 33 . 8 . . 1 . . 165 21 91 37 . 121 449 80 . 240 . . Projectiles 379 | . . . . 15 . . . . . . . . 21 9 . . 2 212 . . 120 . . Explosions 514 | . . . . 18 . 8 . . 1 . . 19 . . 37 . 38 193 80 . 120 . . Melee 353 | . . . . . . . . . . . . 146 . 82 . . 81 44 . . . . . Knockbacks 48 | . 6 . . . . . . . . . . . 7 1 . 2 3 18 . . 11 . . Impact 3 | . . . . . . . . . . . . . . . . . 1 2 . . . . . Kinetic 44 | . 6 . . . . . . . . . . . 7 1 . 2 2 15 . . 11 . . Secondary 1 | . . . . . . . . . . . . . . . . . . 1 . . . . . Self-Inflicted Damage 736 | . . . . . . 41 . . 37 . . . . 114 . . 128 63 315 . 38 . . Shots 16 | . . . . . . 1 . . 1 . . . . 3 . . 2 1 7 . 1 . . Rammed 18 | . 1 . 1 . . . 1 . . . . . . . . . 1 1 . 1 12 . . Targets Rammed 20 | . 1 . 1 . . . 1 . 1 . . . . . . . 1 2 . 1 12 . . Kicked . | . . . . . . . . . . . . . . . . . . . . . . . . Crushed 2 | . . . . . . . . . 1 . . . . . . . . 1 . . . . . Highest Temperature 515 | . 46 51 303 30 . 73 132 . 18 . . 197 163 126 249 69 164 174 . 76 515 167 . Average Temperature 55 | . 15 9 47 12 . 24 27 . 7 . . 86 24 33 82 22 43 19 . 35 176 80 . Received Heat Transfer 2764 | . 105 264 396 96 . 198 102 24 50 . . 138 36 60 246 54 453 231 . 9 251 51 . Effects 8 | . . . 1 . . . . . . . . . . . 2 . . . . . 5 . . Shutdowns 2 | . . . . . . . . . . . . . . . . . . . . . 2 . . Energy Bleed 2 | . . . . . . . . . . . . . . . . . . . . . 2 . . Interference 2 | . . . . . . . . . . . . . . . 2 . . . . . . . . Short Circuit 1 | . . . . . . . . . . . . . . . . . . . . . 1 . . Damage (minor) 1 | . . . 1 . . . . . . . . . . . . . . . . . . . . Siege Activations 4 | . . . . . . . . . . . . . . . . . . 2 . . 2 . . Total Turns 127 | . . . . . . . . . . . . . . . . . . 60 . . 67 . . Longest Duration 52 | . . . . . . . . . . . . . . . . . . 52 . . 41 . . Robots Corrupted . | . . . . . . . . . . . . . . . . . . . . . . . . Combat Hostiles . | . . . . . . . . . . . . . . . . . . . . . . . . Parts Fried 1 | . . . . . . . . . . . . . . . . . 1 . . . . . . Impact Corruptions 4 | . . . . . . . . . . . . . . . . . 2 2 . . . . . Robots Melted 6 | . . 1 1 2 . . 1 . . . . . . . . . . . . . 1 . . Combat Hostiles 4 | . . 1 . 1 . . 1 . . . . . . . . . . . . . 1 . . Parts Melted 29 | . 4 4 10 3 . 1 6 . . . . . . . . . . . . . 1 . . Heat Transferred 13974 | . 1591 2516 4287 962 . 1702 2146 . . . . . . 50 . . . . . . 720 . . Parts Sabotaged 2 | . . . . . . . . . . . . . . . . . . 2 . . . . . Parts Stolen . | . . . . . . . . . . . . . . . . . . . . . . . . Parts Stripped . | . . . . . . . . . . . . . . . . . . . . . . . . Power Chain Reactions . | . . . . . . . . . . . . . . . . . . . . . . . . Missiles Intercepted . | . . . . . . . . . . . . . . . . . . . . . . . . Alert | -11 -10 -10 -9 -9 -9 -8 -8 -7 -7 -7 -7 -6 -6 -6 -6 -6 -6 -5 -5 -5 -4 -4 -4 ------- Run | Scr Mat Min Mat Min Exi Min Mat Fac Low Low Zio Pro Fac Ext Cet Arc Hub Fac Was Fac Fac Upp Upp Peak Influence 745 | 15 186 245 515 323 . 220 301 125 . . . . 159 169 214 216 424 597 260 178 745 . . Initial 204 | . 9 60 . 182 . . 27 97 . . . . 22 6 24 85 5 204 176 141 86 . . Average 173 | 5 82 101 293 243 . 96 161 116 . . . . 73 53 87 176 211 309 211 150 271 . . Maximum Alert Level 3 | . . 1 2 1 . 1 1 . . . . . . . 1 1 2 2 1 . 3 . . Low Security (%) 64 | 100 100 85 18 18 . 86 69 100 . . . . 100 100 64 33 54 31 25 100 61 . . Level 1 23 | . . 14 60 81 . 13 30 . . . . . . . 35 66 25 24 74 . 5 . . Level 2 11 | . . . 21 . . . . . . . . . . . . . 20 44 . . 31 . . Level 3 . | . . . . . . . . . . . . . . . . . . . . . 1 . . Level 4 . | . . . . . . . . . . . . . . . . . . . . . . . . Level 5 . | . . . . . . . . . . . . . . . . . . . . . . . . High Security . | . . . . . . . . . . . . . . . . . . . . . . . . Max Security . | . . . . . . . . . . . . . . . . . . . . . . . . Squads Dispatched 46 | . 4 . 2 . . . 4 . . . . . 4 . . . 10 9 . 2 11 . . Investigation 17 | . 3 . 2 . . . 2 . . . . . 1 . . . 1 4 . 1 3 . . Extermination 6 | . . . . . . . . . . . . . 2 . . . 1 1 . . 2 . . Reinforcement 17 | . 1 . . . . . 1 . . . . . 1 . . . 4 3 . 1 6 . . Assault 2 | . . . . . . . . . . . . . . . . . 1 1 . . . . . Garrison 4 | . . . . . . . 1 . . . . . . . . . 3 . . . . . . Intercept . | . . . . . . . . . . . . . . . . . . . . . . . . Construction Impeded 3 | . . . . . . . . . . . . . . . . . 1 . . . 2 . . Haulers Reinforced . | . . . . . . . . . . . . . . . . . . . . . . . . Active Scanning Responses . | . . . . . . . . . . . . . . . . . . . . . . . . Cargo Convoy Interrupts . | . . . . . . . . . . . . . . . . . . . . . . . . Stealth | -11 -10 -10 -9 -9 -9 -8 -8 -7 -7 -7 -7 -6 -6 -6 -6 -6 -6 -5 -5 -5 -4 -4 -4 --------- Run | Scr Mat Min Mat Min Exi Min Mat Fac Low Low Zio Pro Fac Ext Cet Arc Hub Fac Was Fac Fac Upp Upp Distress Signals 14 | . 1 1 2 . . . . 1 . . . . 1 1 1 . 2 1 . 1 2 . . Communications Jammed 12 | . . . . . . . . . . . . . . . . . . 12 . . . . . Distress Signals 8 | . . . . . . . . . . . . . . . . . . 8 . . . . . Times Spotted 345 | . 21 10 41 10 . 16 15 3 16 4 . 10 14 14 14 8 32 38 6 9 49 9 6 Peak Tracking Total 16 | . 3 3 4 4 . 4 3 3 8 3 . 4 3 4 5 1 8 5 3 8 16 6 5 Tactical Retreats 17 | . . . . . . 2 . . . . . . . 2 . . 1 3 . . 5 4 . Traps | -11 -10 -10 -9 -9 -9 -8 -8 -7 -7 -7 -7 -6 -6 -6 -6 -6 -6 -5 -5 -5 -4 -4 -4 ------- Run | Scr Mat Min Mat Min Exi Min Mat Fac Low Low Zio Pro Fac Ext Cet Arc Hub Fac Was Fac Fac Upp Upp Traps Triggered 6 | . 1 . . . . . 1 . . . . . . . . . 3 1 . . . . . Indirectly . | . . . . . . . . . . . . . . . . . . . . . . . . Trap Hack Attempts . | . . . . . . . . . . . . . . . . . . . . . . . . Triggered . | . . . . . . . . . . . . . . . . . . . . . . . . Disarmed . | . . . . . . . . . . . . . . . . . . . . . . . . Reprogrammed . | . . . . . . . . . . . . . . . . . . . . . . . . Reused . | . . . . . . . . . . . . . . . . . . . . . . . . Traps Extracted . | . . . . . . . . . . . . . . . . . . . . . . . . Installed . | . . . . . . . . . . . . . . . . . . . . . . . . Triggered . | . . . . . . . . . . . . . . . . . . . . . . . . Machines | -11 -10 -10 -9 -9 -9 -8 -8 -7 -7 -7 -7 -6 -6 -6 -6 -6 -6 -5 -5 -5 -4 -4 -4 ---------- Run | Scr Mat Min Mat Min Exi Min Mat Fac Low Low Zio Pro Fac Ext Cet Arc Hub Fac Was Fac Fac Upp Upp Machines Disabled 39 | . . 1 2 . . 3 . . . . . 1 2 1 1 3 6 12 . . 7 . . Max in Single Turn 5 | . . 1 1 . . 1 . . . . . 1 1 1 1 1 4 5 . . 3 . . Garrison Access 2 | . . . . . . . . . . . . . . . . . 1 1 . . . . . Network Hub 1 | . . . . . . . . . . . . . . . . . 1 . . . . . . Energy Cycler 1 | . . . . . . . . . . . . . . 1 . . . . . . . . . Machines Sabotaged . | . . . . . . . . . . . . . . . . . . . . . . . . Garrisons Compromised . | . . . . . . . . . . . . . . . . . . . . . . . . Overloaded Fab Kills . | . . . . . . . . . . . . . . . . . . . . . . . . Hacking | -11 -10 -10 -9 -9 -9 -8 -8 -7 -7 -7 -7 -6 -6 -6 -6 -6 -6 -5 -5 -5 -4 -4 -4 --------- Run | Scr Mat Min Mat Min Exi Min Mat Fac Low Low Zio Pro Fac Ext Cet Arc Hub Fac Was Fac Fac Upp Upp Machines Accessed 77 | . 9 1 11 . 1 . 3 2 . . 1 . 4 11 1 1 10 10 . 3 8 1 . Terminals 51 | . 6 1 7 . . . 2 2 . . . . 2 11 1 . 9 4 . 2 3 1 . Fabricators 7 | . . . . . . . . . . . . . 1 . . . . 3 . 1 2 . . Repair Stations 5 | . 1 . 2 . . . . . . . . . . . . . . 1 . . 1 . . Recycling Units 7 | . 2 . 2 . . . 1 . . . . . . . . . . . . . 2 . . Scanalyzers 2 | . . . . . . . . . . . . . 1 . . . . 1 . . . . . Garrison Access 2 | . . . . . . . . . . . . . . . . . 1 1 . . . . . Total Hacks 254 | . 23 4 28 . 19 . 6 6 . . 2 . 8 16 1 25 24 56 . 6 29 1 . Successful 158 | . 12 1 16 . 19 . 5 3 . . 2 . 3 12 . 25 10 33 . 3 13 1 . Failed 96 | . 11 3 12 . . . 1 3 . . . . 5 4 1 . 14 23 . 3 16 . . Catastrophic 14 | . 1 . 2 . . . . 1 . . . . 1 . 1 . 1 3 . 1 3 . . Database Lockouts . | . . . . . . . . . . . . . . . . . . . . . . . . Manual 72 | . 10 4 8 . . . 4 1 . . . . 2 1 . . 8 26 . 2 6 . . Terminals 143 | . 17 4 21 . . . 5 6 . . . . 4 16 1 . 23 33 . 4 8 1 . Fabricators 14 | . . . . . . . . . . . . . 1 . . . . 7 . 2 4 . . Repair Stations 17 | . 4 . 5 . . . . . . . . . . . . . . 5 . . 3 . . Recycling Units 19 | . 2 . 2 . . . 1 . . . . . . . . . . . . . 14 . . Scanalyzers 11 | . . . . . . . . . . . . . 3 . . . . 8 . . . . . Garrison Access 4 | . . . . . . . . . . . . . . . . . 1 3 . . . . . Terminal Hacks 101 | . 5 1 8 . 19 . 1 3 . . 2 . 1 11 . 25 7 14 . 1 2 1 . Record 46 | . . . . . 19 . . . . . . . . 1 . 25 . . . . . 1 . Part Schematic 2 | . . . . . . . . . . . 2 . . . . . . . . . . . . Robot Analysis 3 | . . . . . . . . 1 . . . . . 1 . . . . . . 1 . . Prototype ID Bank 14 | . 3 . 3 . . . . 1 . . . . . 1 . . 3 3 . . . . . Open Door 8 | . . . . . . . . . . . . . 1 7 . . . . . . . . . Level Access Points 1 | . . . . . . . . . . . . . . . . . . . . 1 . . . Branch Access Points 4 | . . . 1 . . . . 1 . . . . . . . . . 1 . . 1 . . Fabricator Index 1 | . . . . . . . . . . . . . . . . . . 1 . . . . . Repair Station Index 1 | . . . . . . . . . . . . . . . . . . 1 . . . . . Scanalyzer Index 1 | . . . . . . . . . . . . . . . . . . 1 . . . . . Garrison Index 2 | . . . . . . . . . . . . . . . . . 1 1 . . . . . Alert Level 2 | . . . 1 . . . 1 . . . . . . . . . . . . . . . . Unreport Threat 7 | . . 1 1 . . . . . . . . . . . . . 2 3 . . . . . Locate Traps 5 | . 1 . 1 . . . . . . . . . . 1 . . 1 1 . . . . . Reinforcement Status 1 | . . . . . . . . . . . . . . . . . . 1 . . . . . Recall Investigation 1 | . . . . . . . . . . . . . . . . . . 1 . . . . . Hauler Manifests 1 | . 1 . . . . . . . . . . . . . . . . . . . . . . Zone Layout 1 | . . . 1 . . . . . . . . . . . . . . . . . . . . Fabricator Hacks 10 | . . . . . . . . . . . . . . . . . . 5 . 2 3 . . Network Status 1 | . . . . . . . . . . . . . . . . . . 1 . . . . . Load Schematic 6 | . . . . . . . . . . . . . . . . . . 3 . 1 2 . . Build 3 | . . . . . . . . . . . . . . . . . . 1 . 1 1 . . Repair Station Hacks 12 | . 2 . 3 . . . . . . . . . . . . . . 4 . . 3 . . Scan Component 6 | . 1 . 2 . . . . . . . . . . . . . . 2 . . 1 . . Repair 5 | . 1 . 1 . . . . . . . . . . . . . . 2 . . 1 . . Refit 1 | . . . . . . . . . . . . . . . . . . . . . 1 . . Recycling Unit Hacks 5 | . . . . . . . . . . . . . . . . . . . . . 5 . . Retrieve Matter 1 | . . . . . . . . . . . . . . . . . . . . . 1 . . Retrieve Components 4 | . . . . . . . . . . . . . . . . . . . . . 4 . . Scanalyzer 8 | . . . . . . . . . . . . . 2 . . . . 6 . . . . . Insert Component 4 | . . . . . . . . . . . . . 1 . . . . 3 . . . . . Analyze 4 | . . . . . . . . . . . . . 1 . . . . 3 . . . . . Garrison Access Hacks 1 | . . . . . . . . . . . . . . . . . . 1 . . . . . Seal Access 1 | . . . . . . . . . . . . . . . . . . 1 . . . . . Unauthorized Hacks 21 | . 5 . 5 . . . 4 . . . . . . 1 . . 3 3 . . . . . Terminals 16 | . 3 . 3 . . . 3 . . . . . . 1 . . 3 3 . . . . . Track 2 | . 1 . . . . . 1 . . . . . . . . . . . . . . . . Assimilate 2 | . . . . . . . . . . . . . . . . . . 2 . . . . . Botnet 9 | . 1 . 2 . . . 1 . . . . . . 1 . . 3 1 . . . . . Operators 3 | . 1 . 1 . . . 1 . . . . . . . . . . . . . . . . Fabricators . | . . . . . . . . . . . . . . . . . . . . . . . . Repair Stations . | . . . . . . . . . . . . . . . . . . . . . . . . Recycling Units 5 | . 2 . 2 . . . 1 . . . . . . . . . . . . . . . . Tunnel 5 | . 2 . 2 . . . 1 . . . . . . . . . . . . . . . . Scanalyzers . | . . . . . . . . . . . . . . . . . . . . . . . . Garrison Access . | . . . . . . . . . . . . . . . . . . . . . . . . Data Cores Recovered 2 | . . . 2 . . . . . . . . . . . . . . . . . . . . Used . | . . . . . . . . . . . . . . . . . . . . . . . . Hacking Detections 59 | . 7 1 8 . . . 2 2 . . . . 4 5 1 . 10 9 . 3 7 . . Full Trace Events 11 | . . 1 1 . . . . . . . . . 1 . . . . 4 . 1 3 . . Feedback Events 1 | . . . . . . . . . . . . . . . . . . . . . 1 . . Corruption 1 | . . . . . . . . . . . . . . . . . . . . . 1 . . Feedback Blocked . | . . . . . . . . . . . . . . . . . . . . . . . . Robot Schematics Acquired 3 | . . . . . . . . . . . 3 . . . . . . . . . . . . Robots Built . | . . . . . . . . . . . . . . . . . . . . . . . . Authchips . | . . . . . . . . . . . . . . . . . . . . . . . . Time . | . . . . . . . . . . . . . . . . . . . . . . . . Total Robot Build Rating . | . . . . . . . . . . . . . . . . . . . . . . . . Part Schematics Acquired 20 | . . . . . . . . . . . 17 . 1 . . . . 2 . . . . . Parts Built 2 | . . . . . . . . . . . . . . . . . . 2 . . . . . Authchips . | . . . . . . . . . . . . . . . . . . . . . . . . Time 401 | . . . . . . . . . . . . . . . . . . 95 . 102 204 . . Total Part Build Rating 10 | . . . . . . . . . . . . . . . . . . 10 . . . . . Parts Repaired 5 | . 1 . 1 . . . . . . . . . . . . . . 2 . . 1 . . Time 195 | . 26 . 26 . . . . . . . . . . . . . . 81 . . 62 . . Parts Recycled . | . . . . . . . . . . . . . . . . . . . . . . . . Recycled Matter . | . . . . . . . . . . . . . . . . . . . . . . . . Retrieved Matter . | . . . . . . . . . . . . . . . . . . . . . . . . Retrieved Components 3 | . . . . . . . . . . . . . . . . . . . . . 3 . . Parts Scanalyzed 4 | . . . . . . . . . . . . . 1 . . . . 3 . . . . . Part Schematics Acquired 3 | . . . . . . . . . . . . . 1 . . . . 2 . . . . . Parts Damaged 1 | . . . . . . . . . . . . . . . . . . 1 . . . . . Bothacking | -11 -10 -10 -9 -9 -9 -8 -8 -7 -7 -7 -7 -6 -6 -6 -6 -6 -6 -5 -5 -5 -4 -4 -4 ------------ Run | Scr Mat Min Mat Min Exi Min Mat Fac Low Low Zio Pro Fac Ext Cet Arc Hub Fac Was Fac Fac Upp Upp Used RIF Installer . | . . . . . . . . . . . . . . . . . . . . . . . . Robots Hacked 4 | . . . . . 4 . . . . . . . . . . . . . . . . . . Non-combat 3 | . . . . . 3 . . . . . . . . . . . . . . . . . . Combat 1 | . . . . . 1 . . . . . . . . . . . . . . . . . . Robot Hacks Applied 4 | . . . . . 4 . . . . . . . . . . . . . . . . . . parse_system 4 | . . . . . 4 . . . . . . . . . . . . . . . . . . Relay Couplers Released 3 | . . . . . . . . . . . . . . . . . 3 . . . . . . Machine Destruction 3 | . . . . . . . . . . . . . . . . . 3 . . . . . . Fabnet Peak Effective % . | . . . . . . . . . . . . . . . . . . . . . . . . Robots Rewired 3 | . . . . . . . . . . . . . . 3 . . . . . . . . . Allies Hacked . | . . . . . . . . . . . . . . . . . . . . . . . . Hacks Repelled . | . . . . . . . . . . . . . . . . . . . . . . . . Allies | -11 -10 -10 -9 -9 -9 -8 -8 -7 -7 -7 -7 -6 -6 -6 -6 -6 -6 -5 -5 -5 -4 -4 -4 -------- Run | Scr Mat Min Mat Min Exi Min Mat Fac Low Low Zio Pro Fac Ext Cet Arc Hub Fac Was Fac Fac Upp Upp Total Allies 20 | . . . . 3 . . . . . . . . . 16 . . . 1 . . . . . Largest Group 11 | . . . . 3 3 3 . . . . . . . 11 11 . . 1 . . . . . Highest-Rated Group 328 | . . . . 40 40 40 . . . . . . . 328 328 . . 10 . . . . . Highest-Rated Ally 37 | . . . . 16 16 16 . . . . . . . 37 37 . . 10 . . . . . Total Orders 3 | . . . . . . . . . . . . . . . . . . 2 . 1 . . . STAY 1 | . . . . . . . . . . . . . . . . . . 1 . . . . . FOLLOW 1 | . . . . . . . . . . . . . . . . . . 1 . . . . . EXPLORE 1 | . . . . . . . . . . . . . . . . . . . . 1 . . . Ally Attacks 79 | . . . . 20 . 17 . . . . . . . 20 22 . . . . . . . . Total Damage 1113 | . . . . 210 . 143 . . . . . . . 376 384 . . . . . . . . Kills 10 | . . . . 7 . 2 . . . . . . . 1 . . . . . . . . . Allies Corrupted . | . . . . . . . . . . . . . . . . . . . . . . . . Allies Melted 1 | . . . . . . . . . . . . . . 1 . . . . . . . . . Intel | -11 -10 -10 -9 -9 -9 -8 -8 -7 -7 -7 -7 -6 -6 -6 -6 -6 -6 -5 -5 -5 -4 -4 -4 ------- Run | Scr Mat Min Mat Min Exi Min Mat Fac Low Low Zio Pro Fac Ext Cet Arc Hub Fac Was Fac Fac Upp Upp Robot Analysis Total 3 | . . . . . . . . 1 . . . . . 1 . . . . . . 1 . . Derelict Logs Recovered 18 | . . 3 . 3 . . . . 3 2 2 2 . . . . . . . . . 1 2 Drone Launches 1 | . . . . . . . . . . . . . . . . . . . . 1 . . . Drone Recoveries 1 | . . . . . . . . . . . . . . . . . . . . 1 . . . Exploration | -11 -10 -10 -9 -9 -9 -8 -8 -7 -7 -7 -7 -6 -6 -6 -6 -6 -6 -5 -5 -5 -4 -4 -4 ------------- Run | Scr Mat Min Mat Min Exi Min Mat Fac Low Low Zio Pro Fac Ext Cet Arc Hub Fac Was Fac Fac Upp Upp Turns Passed 22572 | 95 1499 861 1677 901 451 871 667 171 1942 1773 1886 1727 1224 1625 317 438 1045 1758 162 161 1014 212 95 Spaces Moved 11352 | 47 837 537 837 551 295 523 299 80 850 826 871 760 447 625 106 211 408 691 107 218 646 393 187 Core 1124 | 6 . . . . . . . . . . . . . . . . . 1 76 218 243 393 187 Treads 2949 | 41 347 20 4 . . 84 . . 416 . . . 34 293 88 211 408 690 31 . 282 . . Legs 5 | . . . 5 . . . . . . . . . . . . . . . . . . . . Wheels 7273 | . 490 517 828 551 295 439 299 80 434 826 871 760 413 332 18 . . . . . 120 . . Hover 1 | . . . . . . . . . . . . . . . . . . . . . 1 . . Flight . | . . . . . . . . . . . . . . . . . . . . . . . . Fastest Speed 50 | 50 115 110 110 150 150 120 101 210 210 210 210 210 210 225 160 160 160 160 50 50 50 50 50 Average Speed 168 | 145 150 128 148 150 150 142 159 210 217 210 212 211 220 231 180 166 196 171 82 59 114 51 50 Slowest Speed 1950 | 160 240 320 320 150 150 160 210 210 225 225 225 225 235 240 320 240 240 1950 163 200 200 200 50 Overloaded Moves . | . . . . . . . . . . . . . . . . . . . . . . . . Propulsion Burnouts . | . . . . . . . . . . . . . . . . . . . . . . . . Robots Hopped . | . . . . . . . . . . . . . . . . . . . . . . . . Cave-ins Triggered . | . . . . . . . . . . . . . . . . . . . . . . . . Exploration Rate (%) 61 | 5 97 96 80 98 81 97 24 3 96 95 83 95 16 63 56 88 43 18 92 10 24 65 40 Regions Visited 23 Branch Regions 14 Pre-discovered Areas 8 | . 2 . 2 . 1 . 1 . . . 2 . . . . . . . . . . . . Known Exits Taken 15 | . . 1 1 . . . . 1 1 1 1 1 1 1 1 1 1 . . 1 1 1 . Unknown Exits Taken 6 | 1 1 . . 1 1 1 1 . . . . . . . . . . . . . . . . Scrap Searched 22 | . . 1 . 1 . 1 . . 4 5 4 4 . . . . . . . . . . 2 Spaces Dug 186 | . 16 . 8 . . 21 2 . . 12 . 1 8 29 . . 27 32 . 4 24 2 . Terrain Destroyed 987 | . 21 . 50 9 . 28 2 . 24 18 . 79 10 81 43 6 272 85 143 5 109 2 . Melee 39 | . . . . . . . 2 . . 1 . 1 8 10 . . 11 6 . . . . . Projectile 86 | . . . 6 . . . . . 1 . . . 2 . 3 6 12 24 . 5 25 2 . AOE 862 | . 21 . 44 9 . 28 . . 23 17 . 78 . 71 40 . 249 55 143 . 84 . . Terrain Rammed . | . . . . . . . . . . . . . . . . . . . . . . . . Walls Destroyed . | . . . . . . . . . . . . . . . . . . . . . . . . Machines Disabled . | . . . . . . . . . . . . . . . . . . . . . . . . Actions | -11 -10 -10 -9 -9 -9 -8 -8 -7 -7 -7 -7 -6 -6 -6 -6 -6 -6 -5 -5 -5 -4 -4 -4 --------- Run | Scr Mat Min Mat Min Exi Min Mat Fac Low Low Zio Pro Fac Ext Cet Arc Hub Fac Was Fac Fac Upp Upp Total 13368 | 63 973 618 1112 593 299 578 405 83 901 854 907 822 595 737 176 275 528 1048 143 242 827 401 188 Wait 492 | 2 35 15 82 13 . 3 18 . 2 . 17 . 53 35 4 26 7 114 . 9 56 1 . Move 11330 | 46 836 536 836 550 294 522 298 79 849 825 870 759 446 624 105 210 407 691 106 217 645 392 187 Hop . | . . . . . . . . . . . . . . . . . . . . . . . . Pick Up 146 | 4 20 4 21 4 . 2 10 1 5 5 4 3 5 4 10 8 10 16 3 1 5 1 . Fast Attach 81 | 6 5 3 9 . . 1 4 . . . 1 1 6 . 2 3 5 13 . 4 17 . 1 Attach 77 | . . 4 4 2 . 3 2 2 1 . . . 4 . 7 1 7 27 3 2 6 2 . Detach 30 | . 3 2 . . . . . . . . 1 . 1 . . . 1 11 . 2 7 2 . Swap 276 | . 11 4 38 4 1 10 18 1 22 13 5 23 20 23 14 1 16 49 . . 3 . . Drop 146 | . 9 4 35 2 . 3 12 . 3 6 6 6 13 4 3 8 5 13 1 1 12 . . Fire 682 | 5 53 46 86 18 . 34 40 . 18 4 . 24 38 22 31 18 53 94 26 5 64 3 . Melee 72 | . . . . . 4 . 2 . . 1 3 6 9 11 . . 14 18 4 . . . . Ram 10 | . . . . . . . . . . . . . . . . . . . . 1 9 . . Kick . | . . . . . . . . . . . . . . . . . . . . . . . . Crush 10 | . 1 . 1 . . . 1 . 1 . . . . . . . 1 2 . . 3 . . Escape Stasis 2 | . . . . . . . . . . . . . . . . . 2 . . . . . . Rewire 14 | . . . . . . . . . . . . . . 14 . . . . . . . . . Trap . | . . . . . . . . . . . . . . . . . . . . . . . . Miscellaneous . | . . . . . . . . . . . . . . . . . . . . . . . . Route ------- -11/Scrapyard -10/Materials (discovered 4 exits: *Mat x3 / *Min) -10/Mines (discovered 2 exits: *Mat x2) -9/Materials (discovered 5 exits: *Mat x3 / *Min x2) -9/Mines (discovered 3 exits: *Mat x2 / *Exi) -9/Exiles -8/Mines (discovered 2 exits: *Mat x2) -8/Materials -7/Factory (discovered 4 exits: Sto x2 / *Low x2) -7/Lower Caves -7/Lower Caves (discovered 2 exits: *Fac / *Zio) -7/Zion -6/Proximity Caves -6/Factory (discovered 3 exits: Fac / *Low / *Ext) -6/Extension (discovered 2 exits: *Fac / *Cet) -6/Cetus -6/Archives (discovered 3 exits: *Fac / *Hub x2) -6/Hub_04(d) (discovered 2 exits: *Fac x2) -5/Factory (discovered 2 exits: Upp x2) -5/Waste -5/Factory (discovered 5 exits: *Fac x4 / *Upp) -4/Factory (discovered 2 exits: *Upp x2) -4/Upper Caves -4/Upper Caves (discovered 1 exit: *Res) History --------- Turn | Location | Event 13 | -11/Scrapyard | Discovered new exit (range 14) 96 | -11/Scrapyard | Entered Materials 319 | -10/Materials | Build established: Mutant 597 | -10/Materials | Discovered new exit (range 15) 725 | -10/Materials | Discovered new exit (range 16) 1006 | -10/Materials | Repaired Lgt. Treads? 1153 | -10/Materials | Discovered new exit (range 11) 1524 | -10/Materials | Discovered new exit (range 10) 1595 | -10/Materials | Entered Mines 1619 | -10/Mines | Learned Materials security intel 1725 | -10/Mines | Discovered new exit (range 10) 1808 | -10/Mines | Identified exit to Materials 1942 | -10/Mines | Lost 3 parts (1p1n1w) 2101 | -10/Mines | Core integrity fell below 50% 2456 | -10/Mines | Entered Materials 2456 | -9/Materials | Evolved 2 slots: Propulsion x1, Utility x1 3077 | -9/Materials | Discovered new exit (range 15) 3227 | -9/Materials | Discovered new exit (range 15) 3409 | -9/Materials | Repaired Lgt. Armor Plating? 3460 | -9/Materials | Discovered new exit (range 3) 3693 | -9/Materials | Identified exit to Mines 3720 | -9/Materials | Discovered new exit (range 8) 4133 | -9/Materials | Entered Mines 4174 | -9/Mines | Learned Materials stockpile data 4185 | -9/Mines | Assisted by bots powering up and referring to "LRC-V3" 4242 | -9/Mines | Discovered new exit (range 6) 4323 | -9/Mines | Discovered new exit (range 11) 4725 | -9/Mines | Deemed a non-threat by the Exiles lab entrance 4725 | -9/Mines | Discovered new exit (range 5) 4783 | -9/Mines | Received a Rocket Launcher from a helpful Derelict 5034 | -9/Mines | Entered Exiles 5034 | -9/Exiles | Accompanied by 3 allies 5070 | -9/Exiles | Met 8R-AWN 5099 | -9/Exiles | Met EX-HEX 5143 | -9/Exiles | Met EX-BIN 5195 | -9/Exiles | Met EX-DEC 5201 | -9/Exiles | Learned location of Zion (-7) 5264 | -9/Exiles | Visited The Gauntlet 5471 | -9/Exiles | Discovered new exit (range 11) 5485 | -9/Exiles | Entered Mines 5485 | -8/Mines | Accompanied by 3 allies 5830 | -8/Mines | Discovered new exit (range 7) 6200 | -8/Mines | Discovered new exit (range 8) 6356 | -8/Mines | Entered Materials 6356 | -8/Materials | Evolved 2 slots: Propulsion x1, Utility x1 6640 | -8/Materials | Build established: Scavenger-Mutant 6645 | -8/Materials | Garrison activated, responded to threat 6919 | -8/Materials | Discovered new exit (range 14) 7023 | -8/Materials | Entered Factory 7023 | -7/Factory | Evolved 2 slots: Utility x1, Weapon x1 7024 | -7/Factory | Identified exit to Storage 7067 | -7/Factory | Identified exit to Lower Caves 7194 | -7/Factory | Entered Lower Caves 7378 | -7/Lower Caves | Learned Factory terminal intel 7599 | -7/Lower Caves | Build established: Skirmisher 7896 | -7/Lower Caves | Identified exit to Lower Caves 7943 | -7/Lower Caves | Destroyed 8 combat bots 8725 | -7/Lower Caves | Learned Factory terminal intel 8769 | -7/Lower Caves | Attracted the attention of an 0b10 checkpoint 8973 | -7/Lower Caves | Encountered a Warlord checkpoint 9136 | -7/Lower Caves | Entered another Lower Caves area 9381 | -7/Lower Caves | Discovered new exit (range 7) 9395 | -7/Lower Caves | Encountered a Warlord checkpoint 9398 | -7/Lower Caves | Identified exit to Factory 10102 | -7/Lower Caves | Learned Factory non-interactive machine intel 10489 | -7/Lower Caves | Learned location of 1 exit from Factory 10542 | -7/Lower Caves | Build established: Assassin 10609 | -7/Lower Caves | Discovered new exit (range 8) 10630 | -7/Lower Caves | Identified exit to Zion 10909 | -7/Lower Caves | Entered Zion 11113 | -7/Zion | Discovered new exit (range 11) 11171 | -7/Zion | Found Prototype Device 11171 | -7/Zion | Identified Phasing AFG 11327 | -7/Zion | Learned Factory emergency access door positions 11369 | -7/Zion | Learned location of Recycling (-7) 11395 | -7/Zion | Learned Factory non-interactive machine intel 11878 | -7/Zion | Learned location of Warlord (-4) 11943 | -7/Zion | Learned Factory emergency access door positions 12793 | -7/Zion | Identified exit to Proximity Caves 12795 | -7/Zion | Entered Proximity Caves 13119 | -6/Proximity Caves | Learned 8 Factory zone layouts 13540 | -6/Proximity Caves | Build established: Derelict-Assassin 14088 | -6/Proximity Caves | Learned location of 1 exit from Factory 14342 | -6/Proximity Caves | Spotted B-75 Beast 14372 | -6/Proximity Caves | Destroyed B-75 Beast 14511 | -6/Proximity Caves | Discovered exit to Factory (range 5) 14522 | -6/Proximity Caves | Entered Factory 14522 | -6/Factory | Evolved 2 slots: Propulsion x1, Utility x1 14523 | -6/Factory | Identified exit to Lower Caves 14523 | -6/Factory | Identified exit to Extension 14524 | -6/Factory | Identified exit to Factory 14526 | -6/Factory | Loaded intel: 211 non-interactive machine locations 14527 | -6/Factory | Loaded intel: 26 terminal locations 15746 | -6/Factory | Entered Extension 15895 | -6/Extension | Build established: Derelict-Tank 16570 | -6/Extension | Rescued a captive Derelict 16821 | -6/Extension | Rescued a captive Derelict 16822 | -6/Extension | Rescued a captive Derelict 16949 | -6/Extension | Rescued a captive Derelict 16950 | -6/Extension | Rescued a captive Derelict 16983 | -6/Extension | Rescued a captive Derelict 16983 | -6/Extension | Rescued a captive Derelict 17026 | -6/Extension | Rescued a captive Derelict 17027 | -6/Extension | Rescued a captive Derelict 17055 | -6/Extension | Rescued a captive Derelict 17056 | -6/Extension | Rescued a captive Derelict 17098 | -6/Extension | Rescued a captive Derelict 17099 | -6/Extension | Rescued a captive Derelict 17185 | -6/Extension | Discovered exit to Factory (range 10) 17188 | -6/Extension | Discovered new exit (range 6) 17250 | -6/Extension | Energy Cycler disabled 17252 | -6/Extension | Rescued a captive Derelict 17255 | -6/Extension | Rescued a captive Derelict 17321 | -6/Extension | Identified exit to Cetus 17371 | -6/Extension | Entered Cetus 17371 | -6/Cetus | Accompanied by 11 allies 17401 | -6/Cetus | Spotted Cetus Guard 17401 | -6/Cetus | Spotted Cetus Guard 17403 | -6/Cetus | Spotted Cetus Guard 17403 | -6/Cetus | Spotted Cetus Guard 17431 | -6/Cetus | Destroyed Cetus Guard 17458 | -6/Cetus | Destroyed Cetus Guard 17485 | -6/Cetus | Destroyed Cetus Guard 17502 | -6/Cetus | Destroyed Cetus Guard 17531 | -6/Cetus | Lost 9 parts (1p6n1u1w) 17597 | -6/Cetus | Destroyed 8 combat bots 17662 | -6/Cetus | Discovered new exit (range 16) 17684 | -6/Cetus | Identified exit to Archives 17688 | -6/Cetus | Entered Archives 17781 | -6/Archives | Lost 4 parts (2n1u1w) 17804 | -6/Archives | Discovered exit to Factory (range 13) 17839 | -6/Archives | Discovered new exit (range 15) 17937 | -6/Archives | Discovered new exit (range 15) 17960 | -6/Archives | Identified exit to Hub_04(d) 17987 | -6/Archives | Unable to access archive contents 18003 | -6/Archives | Unable to access archive contents 18029 | -6/Archives | Unable to access archive contents 18056 | -6/Archives | Build established: Scavenger-Tank 18126 | -6/Archives | Entered Hub_04(d) 18305 | -6/Hub_04(d) | Garrison activated, responded to threat 18365 | -6/Hub_04(d) | Lost 4 parts (2u2w) 18458 | -6/Hub_04(d) | Lost 3 parts (2n1u) 18589 | -6/Hub_04(d) | Discovered exit to Factory (range 10) 18670 | -6/Hub_04(d) | Lost 3 parts (1n2u) 19033 | -6/Hub_04(d) | Discovered exit to Factory (range 16) 19157 | -6/Hub_04(d) | Network Hub disabled 19171 | -6/Hub_04(d) | Entered Factory 19171 | -5/Factory | Evolved 2 slots: Utility x2 19173 | -5/Factory | Loaded intel: 223 non-interactive machine locations 19174 | -5/Factory | Loaded intel: 26 terminal locations 19469 | -5/Factory | Lost 5 parts (1n2u2w) 19723 | -5/Factory | Identified exit to Upper Caves 20049 | -5/Factory | Lost 4 parts (1n2u1w) 20175 | -5/Factory | Fabricated Adv. Terrain Scanner (x2) 20369 | -5/Factory | Build established: Scavenger-Skirmisher 20490 | -5/Factory | Lost 3 parts (1n1u1w) 20492 | -5/Factory | System corruption reached 10% 20599 | -5/Factory | Repaired Centrium Heavy Treads 20671 | -5/Factory | First assault squad dispatched 20723 | -5/Factory | Repaired Broken Centrium Heavy Treads 20790 | -5/Factory | Lost 3 parts (2n1u) 20929 | -5/Factory | Sucked down chute 20929 | -5/Factory | Entered Waste 20944 | -5/Waste | EMP discharged 20963 | -5/Waste | Spotted C-40 Crusher 20970 | -5/Waste | Destroyed C-40 Crusher 20973 | -5/Waste | Spotted C-40 Crusher 20977 | -5/Waste | Spotted C-40 Crusher 20979 | -5/Waste | Destroyed C-40 Crusher 20987 | -5/Waste | Build established: Scavenger-Mutant 20997 | -5/Waste | Destroyed C-40 Crusher 21002 | -5/Waste | Spotted C-40 Crusher 21010 | -5/Waste | Spotted C-40 Crusher 21012 | -5/Waste | Spotted C-40 Crusher 21015 | -5/Waste | Destroyed C-40 Crusher 21035 | -5/Waste | Destroyed C-40 Crusher 21044 | -5/Waste | EMP discharged 21044 | -5/Waste | Crushed by Compactor (0 parts destroyed, 1 dropped) 21047 | -5/Waste | Crushed by Compactor (1 part destroyed) 21050 | -5/Waste | Crushed by Compactor (0 parts destroyed, 1 dropped) 21081 | -5/Waste | Lost 6 parts (1p2u3w) 21083 | -5/Waste | Discovered new exit (range 12) 21091 | -5/Waste | Entered Factory 21218 | -5/Factory | Identified exit to Factory 21250 | -5/Factory | Discovered exit to Upper Caves (range 13) 21252 | -5/Factory | Entered another Factory area 21252 | -4/Factory | Evolved 2 slots: Propulsion x1, Utility x1 21253 | -4/Factory | Lost 3 parts (1n2u) 21352 | -4/Factory | Build established: Hacker-Mutant 21784 | -4/Factory | Found Enh. Force Lance 21919 | -4/Factory | Lost 3 parts (1p2u) 21969 | -4/Factory | Destroyed 8 combat bots 21975 | -4/Factory | Lost 3 parts (2n1w) 22184 | -4/Factory | Identified exit to Upper Caves 22220 | -4/Factory | Core integrity fell below 50% 22235 | -4/Factory | Repaired Imp. Force Field? 22266 | -4/Factory | Entered Upper Caves 22270 | -4/Upper Caves | Lost 7 parts (1p2n2u2w) 22338 | -4/Upper Caves | Attracted the attention of an 0b10 checkpoint 22385 | -4/Upper Caves | Learned location of 1 exit from Research 22468 | -4/Upper Caves | Core integrity fell below 20% 22476 | -4/Upper Caves | Discovered new exit (range 6) 22478 | -4/Upper Caves | Identified exit to Upper Caves 22478 | -4/Upper Caves | Entered another Upper Caves area 22483 | -4/Upper Caves | Identified exit to Research 22487 | -4/Upper Caves | Encountered a Warlord checkpoint 22521 | -4/Upper Caves | Build established: Mutant 22547 | -4/Upper Caves | Learned location of 1 exit from Research 22573 | -4/Upper Caves | Destroyed by H-77 Assassin with Coil Gun Last Messages --------------- 22499_ Found 23 Matter. 22500_ Acquired Imp. Antigrav System. 22501_ Acquired 23 matter. 22507_ Penetrated by Slug. 22507_ Slug penetrates Wall. 22507_ Penetrated by Slug. 22507_ Slug penetrates Wall. 22536_ System corrupted: Matter fused (-9). 22547_ Acquired derelict log, extracted data. Data stored: Research exits (x1). 22553_ Searching scrap... 22553_ Found Remote Datajack. 22553_ Found 15 Matter. 22567_ Imp. Antigrav System destroyed. 22569_ Penetrated by Slug. 22569_ Mak. Terrain Scan Processor destroyed. 22570_ Gravmag Array destroyed. 22572_ Penetrated by Slug. 22572_ Slug penetrates Wall. 22573_ Penetrated by Slug. Map ----- +----------------------------------------------------+ | ?????????????????????????????????????????????????? | | ?????????????????????????????????????????????????? | | ?????????????????????????????????????????????????? | | ?????????????????????????????????????????????????? | | ?????????????????????????????????????????????????? | | ?????????????????????????????????????????????????? | | ?????????????????????????????????????????????????? | | ?????????????????????????????????????????????????? | | ?????????????????????????????????????????????????? | | ?????????????????????????????????????????????????? | | ??????????????????????? ??????????????????????? | | ?????????????????????? ??????????????????????? | | ?????????????????????? ????????? ????????????? | | ??????????????????????? ????????? #???????????? | | ??????????????????????? ???????? #???????????? | | ??????????????????????? ???????# ### #???????? | | ??????????????????????? ??????? $ ????????? | | ??????????????????????? ?????? ?????????? | | ??????????????????###??# ?????? #?????###### | | ?????????????????## ### ?????# #????## ## | | ?????????????????# #????# #????## | | ???????????????????# #?### ####### | | ????????????????????# ### #?# | | ????????????????????# ## #??# ## | | ?????????????????????# #?????# ## | | ?????????????????????## @ ####### *# | | ??????????????????????# %# | | ????????????????????# h h p =## | | ?????????????????# ##### ## ## | | ????????????????# ### ####???# ### #### | | ??????????????? # ??####??????## % #####??? | | ??????????????# ### # ?????????????# %%#?????? | | ??????????????# ???# ?# ?????????????? #????? | | ??????????????#????#??# ?????????????? % #???? | | ??????????????????????# ?????????????? % ??? | | ??????????????????????## ??????????????### % ?? | | ??????????????????????? ?????????????????# ##? | | ??????????????????????? ???????????????????#% #?? | | ??????????????????????? ????????????????????#%#??? | | ???????????????????????#?????????????????????????? | | ?????????????????????????????????????????????????? | | ?????????????????????????????????????????????????? | | ?????????????????????????????????????????????????? | | ?????????????????????????????????????????????????? | | ?????????????????????????????????????????????????? | | ?????????????????????????????????????????????????? | | ?????????????????????????????????????????????????? | | ?????????????????????????????????????????????????? | | ?????????????????????????????????????????????????? | | ?????????????????????????????????????????????????? | +----------------------------------------------------+ Best States ------------- Heat Dissipation 64 Coolant Potential 50 Energy Generation 21 Energy Capacity 315 Matter Stores 300 Matter Capacity 300 Sight Range 16 Robot Scan Range 15 Terrain Scan Range 20 Terrain Scan Density 135 Jamming Range 12 Armor Coverage 600 Resistance: TH 15 Resistance: EM 20 Propulsion Shielding 33 Weapon Cycling 15 Evasion (%) 50 Targeting Accuracy 8 Armor Integrity Analysis 20 Recoil Reduction 5 Matter Filtering 30 Energy Filtering 30 Particle Charging 15 Offensive Hacking 24 Defensive Hacking 10 Item Schematics ----------------- Imp. Thermal Shield | -7/Zion | Archive Mak. Hammer | -7/Zion | Archive Thermal Shield | -7/Zion | Archive Hvy. Battle Rifle | -7/Zion | Archive Fusion Compressor | -7/Zion | Archive Chainsword | -7/Zion | Archive Plasma Flamer | -7/Zion | Archive Mak. Spear | -7/Zion | Archive Magnetic Acceleration Cannon | -7/Zion | Archive Mak. Axe | -7/Zion | Archive Hvy. Shock Bomb Launcher | -7/Zion | Archive 0b10 Decoder Chip [Generic] | -7/Zion | Archive Imp. Field Recycling Unit | -7/Zion | Archive Imp. Heat Shielding | -7/Zion | Archive Adv. Terrain Scanner | -7/Zion | Archive Battle Cannon | -7/Zion | Free Phasing Sabre | -7/Zion | Free KE Penetrator | -6/Factory | Scanalyzed Hvy. Treads | -5/Factory | Scanalyzed Centrium Heavy Treads | -5/Factory | Scanalyzed Robot Schematics ------------------ C-57 Dissector | -7/Zion | Archive T-07 Excavator | -7/Zion | Archive L-41 Fighter | -7/Zion | Archive Fabricated ------------ Adv. Terrain Scanner | x2 | -5/Factory Alien Tech Used ----------------- None Achievements -------------- Maximum Efficiency Challenges ------------ None Game ------ Seed DroneGlidesysDesublimator Manual? 0 Play Time 03:57:20 Cumulative 143.6 hours Start 2021.11.24 @ 22:54:01 End 2021.11.27 @ 02:01:57 Sessions 29 Manual Loads 0 Difficulty Rogue Special Mode None Game No. 84 Rogue 84 Adventurer 0 Explorer 0 Win Type - Total 3 Types 2/0/0/1/0/0/0/0/0 Lore% 70 Gallery% 77 Achievement% 55 Wizard Run 0 Options --------- ASCII 0 Keyboard 1 Movement Vi Keybinds 0 Fullscreen 2 Font 18/Cog Map View 76x50 Tactical HUD 1 Map Filters NONE Filters NONE Steam 0 RUN: b3c4cdf0-f27e-42e4-887e-23021ea995a8